 Dungeon Crawl Stone Soup version 0.17-a0-1850-g688e747 (webtiles) character file.

154 wvc the Cudgeler (level 5, -5/41 HPs)
             Began as a Mummy Chaos Knight on Sept 19, 2015.
             Slain by a soul eater (11 damage)
             ... summoned by the severe capriciousness of Xom
             ... on level 3 of the Dungeon.
             The game lasted 00:03:54 (2138 turns).

wvc the Cudgeler (Mummy Chaos Knight)               Turns: 2138, Time: 00:03:54

Health: -5/41      AC:  6    Str: 15    XL:     5   Next: 13%
Magic:  5/5        EV: 11    Int: 12    God:    Xom [......]
Gold:   95         SH:  0    Dex: 12    Spells: 0 memorised, 4 levels left

rFire  x . .     SeeInvis .     a - +1 mace (chaos)
rCold  + + .     Clarity  .     b - +2 leather armour
rNeg   + + +     SustAt   .     (no shield)
rPois  ∞         Gourm    .     h - +0 helmet
rElec  .         Spirit   .     (no cloak)
rCorr  .         Warding  .     (no gloves)
rMut   .         Stasis   .     (no boots)
MR     .....                    e - amulet of regeneration
Stlth  +.........               (no ring)
                                g - ring of protection from cold

@: not resistant to hostile enchantments, very unstealthy
A: no food or potions, fire vulnerability, cold resistance 1, negative energy
resistance 3, torment resistance, unbreathing
a: Renounce Religion


You were on level 3 of the Dungeon.
You worshipped Xom.
You were a very special plaything of Xom.
You were not hungry.

You visited 1 branch of the dungeon, and saw 3 of its levels.

You collected 95 gold pieces.

Inventory:

Hand weapons
 a - a +1 mace of chaos (weapon)
Armour
 b - a +2 leather armour (worn)
 h - a +0 helmet (worn)
Jewellery
 e - an amulet of regeneration (around neck)
 g - a ring of protection from cold (left hand)
Scrolls
 c - 3 scrolls of remove curse
 d - a scroll of amnesia
 i - a scroll of enchant armour


   Skills:
 - Level 3.0 Fighting
 * Level 4.8 Maces & Flails
 - Level 1.5 Armour
 - Level 0.7 Dodging


You had 4 spell levels left.
You didn't know any spells.

Dungeon Overview and Level Annotations

Branches:
Dungeon (3/15)

Altars:


Innate Abilities, Weirdness & Mutations

You do not eat or drink.
Your flesh is vulnerable to fire.
You are immune to poison.
Your flesh is cold resistant.
You are immune to negative energy.
You are immune to unholy pain and torment.
You can survive without breathing.


Message History

The orc priest invokes the aid of Beogh against you.
Your butterfly convulses in agony!
Your butterfly dies!
The soul eater hits you! The orange demon barely misses you.
The orange demon hits you.
* * * LOW HITPOINT WARNING * * *
You hit the orange demon.
The orange demon is poisoned.
The orange demon is lightly wounded.
Something hits your butterfly.
Your butterfly dies!
The soul eater hits you.
* * * LOW HITPOINT WARNING * * *
The orange demon closely misses you. The orange demon hits you.
* * * LOW HITPOINT WARNING * * *
Something misses your butterfly.
Read which item? (? for menu, Esc to quit)
Okay, then.
The soul eater hits you!
You die...
Xom giggles madly!

... #.. #o# ### #o# ..
... #(#####.####.###
#.. #...S..ob........
#.. #S..........###..
..####b####.###..>....
..##3@.# .........
.##.##.#b# #..
.##.##4#.# #(. #.#
.##.##.#.# #.. #..#
.##.##.#.# #.. ##..#
##.##.##.#.# ####..
....####..##.##.#.#
### #.....
..........##.##.#..
..# ##.#...
###.##.#.###.##.# #.#
#......


You could see a soul eater, an orange demon, an orc priest, an adder and 2 orcs.

Vanquished Creatures
  A giant frog skeleton (D:3)
  2 worker ants (D:3)
  2 adders (D:3)
  A giant eyeball (D:3)
  2 worms
  An orc (D:3)
  5 bats
  10 goblins
  6 hobgoblins
  5 jackals (D:3)
  3 giant cockroaches
  5 giant newts
  3 kobolds (D:3)
  4 rats
50 creatures vanquished.

Notes
Turn   | Place    | Note
--------------------------------------------------------------
     0 | D:1      | wvc the Mummy Chaos Knight began the quest for the Orb.
     0 | D:1      | Reached XP level 1. HP: 18/18 MP: 1/1
     0 | D:1      | Noticed a minotaur zombie
     1 | D:1      | Noticed a draconian zombie
     3 | D:1      | Noticed a troll zombie
     3 | D:1      | Noticed a draconian zombie
     7 | D:1      | Noticed a vine stalker zombie
     8 | D:1      | Noticed a merfolk zombie
    10 | D:1      | Noticed a formicid zombie
    10 | D:1      | Noticed a formicid zombie
    14 | D:1      | Noticed a formicid zombie
    16 | D:1      | Noticed a minotaur zombie
   175 | D:1      | XOM: divination: detect creatures
   457 | D:1      | XOM: smoke on damage
   621 | D:1      | XOM: silly message
   767 | D:1      | XOM: butterfly on damage
   771 | D:1      | Reached XP level 2. HP: 12/24 MP: 2/2
   829 | D:1      | XOM: cast spell 'Summon Butterflies'
   919 | D:2      | XOM: enchant monster (bad)
   992 | D:2      | You fall through a shaft!
  1012 | D:3      | Noticed Robin
  1397 | D:3      | Reached XP level 3. HP: 29/29 MP: 3/3
  1749 | D:3      | Reached skill level 4 in Maces & Flails
  1784 | D:3      | Reached XP level 4. HP: 21/35 MP: 4/4
  1883 | D:3      | XOM: silly message
  2062 | D:3      | Reached XP level 5. HP: 36/41 MP: 5/5
  2072 | D:3      | Noticed Robin
  2074 | D:3      | Killed Robin the giant eyeball
  2133 | D:3      | XOM: mild Chrm miscast
  2135 | D:3      | XOM: severe Summ miscast
  2136 | D:3      | Noticed an orange demon
  2136 | D:3      | Noticed a soul eater
  2138 | D:3      | Slain by a soul eater

Vault maps used:
D:1:      shiori_arrival_whats_in_store_for_you
D:2:      kennysheep_generic_room_14
D:3:      minmay_cut_off, uniq_robin

Action                   |  1- 3 |  4- 6 || total
-------------------------+-------+-------++-------
Melee: Mace              |   105 |    69 ||   174
  Use: Scroll            |     5 |     3 ||     8
 Stab: Paralysed         |     1 |     2 ||     3
